 Dungeon Crawl Stone Soup version 0.25.1-2-g60ff931df9 (webtiles) character file.

Game seed: 99143303954531478

3575 mrw3rdna the Slicer (level 9, 0/75 HPs)
             Began as a Minotaur Hunter on Oct 18, 2020.
             Was a Priest of Nemelex Xobeh.
             Slain by a six-headed hydra (8 damage)
             ... on level 1 of the Lair of Beasts on Oct 19, 2020.
             The game lasted 02:40:49 (8307 turns).

mrw3rdna the Slicer (Minotaur Hunter)               Turns: 8307, Time: 02:40:53

Health: 0/75       AC: 10    Str: 16    XL:     9   Next: 84%
Magic:  11/11      EV: 12    Int:  8    God:    Nemelex Xobeh [***...]
Gold:   249        SH:  0    Dex: 15    Spells: 11/12 levels left

rFire    + . .     SeeInvis .   a - +1 shortbow
rCold    . . .     Gourm    .   (shield currently unavailable)
rNeg     + . .     Faith    +   U - +0 scale mail
rPois    .         Spirit   .   (helmet restricted)
rElec    .         Reflect  .   R - +0 cloak (curse)
rCorr    .         Harm     .   (no gloves)
MR       .....                  p - +0 pair of boots
Stlth    +.........             D - amulet of faith
HPRegen  0.22/turn              S - ring of protection from fire
MPRegen  0.12/turn              b - ring of positive energy

@: about to teleport
A: retaliatory headbutt, horns 2
a: Draw Escape, Draw Destruction, Draw Summoning, Triple Draw, Renounce Religion


You were on level 1 of the Lair of Beasts.
You worshipped Nemelex Xobeh.
Nemelex Xobeh was most pleased with you.
You were not hungry.

You visited 2 branches of the dungeon, and saw 9 of its levels.

You collected 399 gold pieces.
You spent 150 gold pieces at shops.

Inventory:

Hand Weapons
 a - a +1 shortbow (weapon)
 k - a +1 antimagic dagger
 C - a +1 short sword of draining
 G - a +0 rapier
 H - a +1 hunting sling of flaming
 J - a +2 dagger of electrocution
 V - a +4 dagger
Missiles
 d - 115 arrows (quivered)
 e - 232 stones
 g - 44 bolts
 q - 2 throwing nets
 x - 50 sling bullets
 E - 5 javelins
 O - 39 poisoned darts
Armour
 p - a +0 pair of boots (worn)
 R - a cursed +0 cloak (worn)
 U - a +0 scale mail (worn)
Jewellery
 b - a ring of positive energy (right hand)
 D - an amulet of faith (around neck)
 S - a ring of protection from fire (left hand)
Wands
 j - a wand of enslavement (11)
 m - a wand of flame (10)
 y - a wand of iceblast (3)
 M - a wand of random effects (26)
Scrolls
 c - 5 scrolls of remove curse
 i - 11 scrolls of identify
 s - 2 scrolls of enchant weapon {unknown}
 u - 3 scrolls of enchant armour {unknown}
 z - 4 scrolls of teleportation
 N - a scroll of magic mapping {unknown}
 Q - 2 scrolls of random uselessness {unknown}
Potions
 h - 2 potions of brilliance {unknown}
 o - a potion of haste
 r - a potion of might {unknown}
 t - 2 potions of heal wounds {unknown}
 v - 2 potions of resistance
 A - 3 potions of curing
 F - a potion of berserk rage {unknown}
 I - 3 potions of ambrosia
 X - a potion of lignification
 Y - a potion of stabbing {unknown}
 Z - a potion of flight {unknown}
Comestibles
 f - 14 rations


   Skills:
 + Level 6.2 Fighting
 * Level 8.4 Short Blades
 + Level 2.0(3.4) Slings
 - Level 6.7 Bows
 + Level 3.9(4.1) Throwing
 + Level 7.0 Armour
 + Level 4.3 Dodging
 + Level 2.5 Stealth
 * Level 2.4 Spellcasting
 + Level 0.4 Evocations


You had 11 spell levels left.
You knew the following spells:

 Your Spells              Type           Power        Failure   Level  Hunger
a - Magic Dart            Conj           #...         71%         1    ##.....

Your spell library contained the following spells:

 Spells                   Type           Power        Failure   Level  Hunger
 Animate Skeleton         Necr           N/A          71%         1    ##.....
 Pain                     Necr           #...         71%         1    ##.....
 Searing Ray              Conj           #.....       83%         2    ###....
 Dazzling Flash           Conj/Hex       #.....       97%         3    ####...
 Vampiric Draining        Necr           #.........   97%         3    ####...
 Animate Dead             Necr           N/A          100%        4    #####..
 Fulminant Prism          Conj/Hex       #.........   100%        4    #####..
 Iskenderun's Mystic Bla  Conj/Tloc      #.......     100%        4    #####..
 Agony                    Necr           #.......     100%        5    ######.


Dungeon Overview and Level Annotations

Branches:
Dungeon (8/15)               Lair (1/6) D:8
 Temple: D:4-7

Altars:
Ashenzari
Cheibriados
Fedhas
Hepliaklqana
Kikubaaqudgha
Nemelex Xobeh
Ru
Sif Muna
Trog
Vehumet
Xom
Zin

Shops:
D:4 !


Innate Abilities, Weirdness & Mutations

You reflexively headbutt those who attack you in melee.
You have a pair of horns on your head.


Message History

The porcupine closely misses you. The six-headed hydra bites you.
* * * LOW HITPOINT WARNING * * *
The six-headed hydra bites you.
* * * LOW HITPOINT WARNING * * *
The six-headed hydra bites you.
* * * LOW HITPOINT WARNING * * *
The six-headed hydra bites you.
* * * LOW HITPOINT WARNING * * *
The six-headed hydra closely misses you.
The six-headed hydra bites you but does no damage.
Unknown command.
You feel better.
The porcupine bites you but does no damage.
The six-headed hydra bites you!
* * * LOW HITPOINT WARNING * * *
The six-headed hydra completely misses you.
The six-headed hydra bites you but does no damage.
The six-headed hydra bites you!
You die...
Your body disappears without a glow.

#...## #..# .# #.#... #...## #..#
.#. #.#... ##....# #..#
+.#..#..... .....#####
##..########.#....P...
......##P###P...........#..#.....
.....<†.................#....#..P
........)............§...+##.....
(........(.(....Dr......§§..(....
...†............@§F.....§§.......
.......>................§§.......
.#######.##..#############.##.##P
## ####### ### ##


You could see a six-headed hydra, a blink frog and a porcupine.

Vanquished Creatures
  A hydra (Lair:1)
  A komodo dragon (D:8)
  A troll (D:7)
  Sigmund (D:2)
  A porcupine (Lair:1)
  Duvessa (D:4)
  2 ice beasts
  2 sky beasts (D:6)
  2 eyes of draining (D:7)
  3 centaurs (D:5)
  Blork the orc (D:4)
  3 bullfrogs
  Dowan (D:4)
  3 scorpions
  3 crimson imps
  A bullfrog skeleton (D:7)
  6 hounds
  2 iguanas
  2 orc wizards (D:5)
  3 worker ants
  A killer bee zombie (D:6)
  A hound skeleton (D:6)
  Robin (D:3)
  10 gnolls
  11 adders
  A river rat (D:3)
  2 oozes (D:5)
  An adder skeleton (D:8)
  An adder zombie (D:7)
  2 worms
  A dart slug (D:5)
  4 leopard geckos
  4 orcs
  5 giant cockroaches
  18 goblins
  9 hobgoblins
  11 jackals
  7 kobolds
  A quokka (D:6)
  4 bats
  A frilled lizard (D:2)
  8 rats
144 creatures vanquished.

Vanquished Creatures (collateral kills)
  A blink frog (Lair:1)
  An ice beast (D:7)
  A crocodile (Lair:1)
  A howler monkey (D:7)
  A hound skeleton (D:7)
  A giant cockroach (D:7)
6 creatures vanquished.

Vanquished Creatures (others)
  A goblin (D:3)
  A rat (D:3)
  2 plants (D:8)
4 creatures vanquished.

Grand Total: 154 creatures vanquished

Notes
Turn   | Place    | Note
-------+----------+-------------------------------------------
     0 | D:1      | mrw3rdna the Minotaur Hunter began the quest for the Orb.
     0 | D:1      | Reached XP level 1. HP: 18/18 MP: 0/0
   471 | D:1      | Reached XP level 2. HP: 23/25 MP: 1/1
   494 | D:1      | Reached skill level 5 in Bows
  1264 | D:1      | Reached XP level 3. HP: 30/30 MP: 2/2
  1415 | D:2      | Noticed Sigmund
  1422 | D:2      | Killed Sigmund
  1422 | D:2      | Reached skill level 1 in Short Blades
  1422 | D:2      | Reached skill level 1 in Armour
  1422 | D:2      | Reached XP level 4. HP: 23/38 MP: 3/3
  1422 | D:2      | Reached XP level 5. HP: 28/45 MP: 4/4
  1591 | D:2      | Reached skill level 2 in Short Blades
  2113 | D:2      | Found a shimmering blue altar of Sif Muna.
  2199 | D:2      | Reached skill level 1 in Stealth
  2268 | D:2      | Found a blossoming altar of Fedhas.
  2501 | D:3      | Noticed Robin
  2514 | D:3      | Killed Robin
  2635 | D:3      | Reached XP level 6. HP: 33/51 MP: 5/5
  2918 | D:3      | Found a sparkling altar of Nemelex Xobeh.
  2918 | D:3      | Found a radiant altar of Vehumet.
  2918 | D:3      | Found a glowing silver altar of Zin.
  2925 | D:3      | Became a worshipper of Nemelex Xobeh the Trickster
  3003 | D:3      | Reached skill level 1 in Throwing
  3157 | D:3      | Received a gift from Nemelex Xobeh
  3165 | D:3      | Found a sacrificial altar of Ru.
  3256 | D:3      | Reached skill level 3 in Short Blades
  3627 | D:4      | Noticed Dowan
  3630 | D:4      | Noticed Duvessa
  3646 | D:4      | Killed Dowan
  3681 | D:4      | Killed Duvessa
  3746 | D:4      | Reached skill level 4 in Short Blades
  3746 | D:4      | Reached XP level 7. HP: 22/58 MP: 6/6
  3851 | D:4      | Noticed Blork the orc
  3861 | D:4      | Killed Blork the orc
  3929 | D:4      | Found a shimmering altar of Xom.
  3931 | D:4      | Found a hazy altar of Hepliaklqana.
  3932 | D:4      | Noticed a spectral ugly thing
  3932 | D:4      | Noticed a yak
  4086 | D:4      | Found Pempemit's Distillery.
  4090 | D:4      | Bought a potion of degeneration for 10 gold pieces
  4090 | D:4      | Bought a potion of ambrosia for 80 gold pieces
  4090 | D:4      | Bought a potion of lignification for 30 gold pieces
  4090 | D:4      | Bought a potion of curing for 30 gold pieces
  4099 | D:4      | Received a gift from Nemelex Xobeh
  4267 | D:5      | Entered Level 5 of the Dungeon
  4823 | D:5      | Reached XP level 8. HP: 67/67 MP: 7/7
  4883 | D:5      | Learned a level 1 spell: Magic Dart
  4974 | D:5      | Reached * piety under Nemelex Xobeh
  5067 | D:5      | Reached skill level 5 in Short Blades
  5067 | D:5      | Reached skill level 1 in Slings
  5704 | D:6      | Received a gift from Nemelex Xobeh
  5752 | D:6      | Reached skill level 1 in Spellcasting
  5972 | D:6      | Reached skill level 5 in Armour
  6033 | D:6      | Reached skill level 6 in Short Blades
  6497 | D:6      | You fall into a shaft and drop 1 floor!
  6580 | D:7      | Reached XP level 9. HP: 66/73 MP: 1/10
  6587 | D:7      | Found a bloodstained altar of Trog.
  6759 | D:7      | Reached ** piety under Nemelex Xobeh
  6951 | D:7      | Noticed a troll
  6951 | D:7      | Reached skill level 5 in Fighting
  6951 | D:7      | Reached skill level 7 in Short Blades
  6955 | D:7      | Killed a troll
  7167 | D:7      | Received a gift from Nemelex Xobeh
  7486 | D:8      | Found a sacrificial altar of Ru.
  7608 | D:8      | Noticed a komodo dragon
  7609 | D:8      | Found a staircase to the Lair.
  7638 | D:8      | Killed a komodo dragon
  7918 | D:8      | Received a gift from Nemelex Xobeh
  7920 | D:8      | Found an ancient bone altar of Kikubaaqudgha.
  7921 | D:8      | Found a snail-covered altar of Cheibriados.
  7922 | D:8      | Found a shattered altar of Ashenzari.
  8140 | Lair:1   | Entered Level 1 of the Lair of Beasts
  8140 | Lair:1   | Reached *** piety under Nemelex Xobeh
  8175 | Lair:1   | Noticed a seven-headed hydra
  8228 | Lair:1   | Killed a seven-headed hydra
  8228 | Lair:1   | Reached skill level 8 in Short Blades
  8301 | Lair:1   | Noticed a six-headed hydra
  8307 | Lair:1   | Slain by a six-headed hydra

Illustrated notes

Levels and vault maps discovered:
D:1:      dpeg_arrival_arbitrary_a, layout_loops_corners
D:2:      layout_basic, marbit_many_paths, lemuel_blue_sif_altar, minivault_5,
          uniq_sigmund
D:3:      layout_basic, hangedman_ru_absence, gammafunk_temple_overflow_claw,
          gup_sewer_entry_spiral, uniq_robin
D:4:      layout_cave_pools, regret_index_temple_of_mockery, serial_shops, shop,
          uniq_blork_the_orc, uniq_duvessa
D:5:      wander_river, layout_loops_ring, first_ration
D:6:      layout_basic
D:7:      minmay_opposing_rooms, layout_basic, trog_eyes_of_draining,
          minmay_temple_entry_fiery
D:8:      layout_rooms, chequers_temple_overflow_statue_of_worship,
          david_lair_shrubbed, basic_altar
Lair:1:   layout_chaotic_city, grunt_megastairs_1, uniq_harold

Skill      XL: |  1  2  3  4  5  6  7  8  9 |
---------------+----------------------------+-----
Bows           | 5 6 |  6.7
Fighting       | 3 4 6 |  6.2
Short Blades   | 1 2 4 6 8 |  8.4
Armour         | 1 2 3 6 7 |  7.0
Stealth        | 1 2 |  2.5
Throwing       | 1 2 3 |  3.9
Dodging        | 3 4 |  4.3
Slings         | 1 2 |  2.0
Spellcasting   | 1 2 |  2.4
Evocations     | |  0.4

Action                   |  1- 3 |  4- 6 |  7- 9 || total
-------------------------+-------+-------+-------++-------
Melee: Short sword       |    44 |    97 |   150 ||   291
       Headbutt          |     5 |    20 |    42 ||    67
       Rapier            |       |    32 |       ||    32
       Dagger            |       |       |   112 ||   112
 Fire: Shortbow          |    20 |    24 |    49 ||    93
       Hunting sling     |       |     3 |    11 ||    14
Throw: Stone             |    13 |    41 |    75 ||   129
Invok: Draw Destruction  |       |       |     8 ||     8
       Draw Summoning    |       |       |     6 ||     6
       Draw Escape       |       |       |     1 ||     1
Evoke: Wand              |       |       |     3 ||     3
  Use: Potion            |     1 |       |     4 ||     5
       Scroll            |       |       |     3 ||     3
 Stab: Sleeping          |       |     1 |       ||     1
  Eat: Chunk             |     1 |     1 |     6 ||     8
       Ration            |       |     2 |     3 ||     5
Armor: Leather armour    |     7 |    27 |       ||    34
       Scale mail        |       |       |    46 ||    46
       Ring mail         |       |       |    42 ||    42
Dodge: Dodged            |    21 |    77 |   117 ||   215
